 Dungeon Crawl Stone Soup version 0.27.1-33-g824d729ab1 (webtiles) character file.

Game seed: 18444422446148863621

4733 CrazyMind the Carver (level 10, -3/70 HPs)
             Began as a Djinni Gladiator on Nov 26, 2021.
             Was a Believer of Okawaru.
             Slain by a vampire (9 damage)
             ... on level 9 of the Dungeon.
             The game lasted 00:59:48 (14329 turns).

CrazyMind the Carver (Djinni Gladiator)            Turns: 14329, Time: 00:59:48

Health: -3/70      AC: 14    Str: 16    XL:     10   Next: 74%
Gold:   305        EV: 13    Int: 11    God:    Okawaru [**....] SH:  7 Dex: 24

rFire    + + +     SeeInvis .   Q - +2 dagger (holy)
rCold    x x .     Faith    .   f - +1 buckler
rNeg     . . .     Spirit   .   u - +0 fire dragon scales
rPois    ∞         Reflect  .   c - +0 helmet
rElec    .         Harm     .   (no cloak)
rCorr    .         Rampage  .   x - +0 pair of gloves
Will     +....                  (boots unavailable)
Stlth    ..........             (no amulet)
HPRegen  0.21/turn              y - ring "Veificiy" {Wiz Dex+2}
MPRegen  0.00/turn              R - +6 ring of dexterity

@: about to teleport, attractive, flying
A: sickness immunity, fire resistance 2, cold vulnerability 1, float, innate
caster, hp casting, extra vitality 1, iridescent scales 1, agile 1
a: Renounce Religion, Heroism


You were on level 9 of the Dungeon.
You worshipped Okawaru.
Okawaru was pleased with you.
You visited 2 branches of the dungeon, and saw 11 of its levels.
You also visited: Ossuary.

You collected 435 gold pieces.
You spent 130 gold pieces at shops.

Inventory:

Hand Weapons
 a - a +1 long sword of freezing
 l - a +2 rapier of draining
 n - a +2 short sword of freezing
 H - a +0 falchion of venom
 Q - a +2 dagger of holy wrath (weapon)
Missiles
 e - 248 stones
 i - a curare-tipped dart
 p - 155 arrows
 r - 55 bolts
 t - 76 sling bullets
 v - 4 javelins
 w - 12 poisoned darts (quivered)
 N - a throwing net
Armour
 c - a +0 helmet (worn)
 f - a +1 buckler (worn)
 s - a +0 scale mail
 u - +0 fire dragon scales (worn)
 x - a +0 pair of gloves (worn)
 C - a +0 leather armour
 G - a +0 plate armour
 I - the +4 ring mail "Weralimi" {Rampage *Slow rC+ Dex+5}
   (You found it on level 6 of the Dungeon)

   Dex:       It affects your dexterity (+5).
   rC:        It protects you from cold.
   *Slow:     It may slow you when you take damage.
   Rampage:   It bestows one free step when moving towards enemies.
 J - a +0 chain mail
 K - a +0 ring mail
Jewellery
 y - the ring "Veificiy" (left hand) {Wiz Dex+2}
   (You bought it in a shop on level 2 of the Dungeon)

   [ring of wizardry]

   It improves your spell success rate.
   Dex:       It affects your dexterity (+2).
 O - a ring of protection from cold
 R - a +6 ring of dexterity (right hand)
Wands
 T - a wand of iceblast (10)
Scrolls
 b - a scroll of enchant armour
 d - a scroll of fear
 j - a scroll of enchant weapon
 k - a scroll of summoning
 m - 3 scrolls of vulnerability
Potions
 g - a potion of might
 h - 2 potions of curing
 A - 6 potions of brilliance
 F - a potion of mutation
 M - 2 potions of haste
 S - a potion of lignification


   Skills:
 + Level 5.0 Fighting
 + Level 8.4 Long Blades
 + Level 2.8 Throwing
 + Level 6.2 Armour
 + Level 5.5 Dodging
 + Level 4.5 Shields
 * Level 4.1 Spellcasting
 * Level 3.0 Invocations


You had 8 spell levels left.
You knew the following spells:

 Your Spells              Type           Power      Damage    Failure   Level
a - Sandblast             Erth           22%        2d7       8%          1
b - Poisonous Vapours     Pois/Air       22%        N/A       11%         2
c - Swiftness             Air            11%        N/A       21%         3
d - Gell's Gravitas       Tloc           5%         N/A       21%         3
Your spell library was empty.

Dungeon Overview and Level Annotations

Branches:
Dungeon (10/15)            Temple (1/1) D:5         Ossuary (visited)
   Lair: D:8-11         Orc: D:9-12

Altars:
Ashenzari
Cheibriados
Dithmenos
Elyvilon
Fedhas
Hepliaklqana
Kikubaaqudgha
Makhleb
Nemelex Xobeh
Okawaru
Qazlal
Ru
Sif Muna
Trog
Uskayaw
Vehumet
Wu Jian
Xom
Yredelemnul
Zin
The Shining One

Shops:
D:2 *   D:4 =*   D:10 :

Annotations:
D:8 exclusion: two-headed ogre
D:10 exclusion: komodo dragon


Innate Abilities, Weirdness & Mutations

You are immune to sickness and miasma.
You are immune to poison.
Your flesh is very heat resistant. (rF++)
You are vulnerable to cold. (rC-)
You float through the air rather than walking.
You learn spells naturally, not from books.
Your magical power is your life essence.
You have superior vitality. (+4 HP)
You are partially covered in iridescent scales. (AC +2)
You are agile. (Dex +2)


Message History

Something hits you! Something completely misses you.
Casting: Sandblast (safe; 1% risk of failure)
Confirm with . or Enter, or press ? or * to list all spells.
Aiming: Sandblast (safe; 1% risk of failure)
Press: ? - help, Shift-Dir - straight line, f - you That would be overly suicidal.
Okay, then.
You cannot move.
Something hits you but does no damage. Something completely misses you.
Casting: Sandblast (safe; 1% risk of failure)
Confirm with . or Enter, or press ? or * to list all spells.
Aiming: Sandblast (safe; 1% risk of failure)
Press: ? - help, Shift-Dir - straight line
Aim: Disturbance (purple smoke)
e - 249 stones
* * * LOW HITPOINT WARNING * * *
You hear some strange, mumbled words.
Something tries to affect you, but you resist.
Casting: Sandblast (safe; 1% risk of failure)
Confirm with . or Enter, or press ? or * to list all spells.
Aiming: Sandblast (safe; 1% risk of failure)
Press: ? - help, Shift-Dir - straight line
Aim: Disturbance (purple smoke)
e - 248 stones
* * * LOW HITPOINT WARNING * * *
You feel less wooden.
Your +0 helmet unmelds from your body.
Your +0 pair of gloves unmelds from your body.
Your +0 fire dragon scales unmelds from your body.
Something hits you but does no damage. Something bites you but does no damage.
As you read the scroll of teleportation, it crumbles to dust.
You feel strangely unstable. Something hits you but does no damage.
Something bites you!
* * * LOW HITPOINT WARNING * * *
Something hits you but does no damage. Something bites you.
* * * LOW HITPOINT WARNING * * *
Something hits you.
* * * LOW HITPOINT WARNING * * *
Something bites you!
You die...

......# #.# #.#
......# #.# #.#
......# #.# #.#
..[...# #.# #.#
......# #.# #.#
......# #.# #.#
......# #.# #.####
......#######.######
#..<.#
......'.......§§@{§#
######
......######..####§#
#..#### #..# #§#
#''#..# #..# #.#
....#.######..####.#
.....##.........##.#
.....'.[###...####.#
.....'..# #...# #.#
.....#### ##.## #.#


There were no monsters in sight!

Vanquished Creatures
  A boulder beetle (D:9)
  A hornet (D:6)
  Sigmund (D:2)
  A wraith (D:7)
  Eustachio (D:4)
  A yak (D:10)
  An acid dragon (D:9)
  Edmund (D:6)
  5 water moccasins
  A black bear (D:5)
  An orc warrior (D:8)
  3 ogres (D:4)
  4 centaurs
  3 phantoms
  4 bullfrogs
  A kobold brigand (D:7)
  A gnoll sergeant (D:8)
  A wyvern skeleton (D:6)
  A water moccasin skeleton (D:6)
  6 killer bees (D:8)
  A howler monkey (D:8)
  3 centaur zombies
  4 hounds
  An orc priest (D:8)
  2 jellies
  2 iguanas
  4 orc wizards
  5 mummies (Ossuary)
  5 gnolls
  10 adders
  A shadow imp (D:6)
  An ufetubus (D:4)
  A worm zombie (D:7)
  2 worms (D:1)
  A dart slug (D:1)
  11 orcs
  8 endoplasms
  4 giant cockroaches
  3 goblins
  3 hobgoblins
  3 jackals
  10 kobolds
  6 quokkas
  9 ball pythons
  5 bats
  6 frilled lizards
  5 hobgoblin zombies (Ossuary)
  A jackal zombie (D:7)
  7 rats
163 creatures vanquished.

Vanquished Creatures (collateral kills)
  3 kobolds (D:7)
3 creatures vanquished.

Vanquished Creatures (others)
  A wight (D:9)
  9 plants
10 creatures vanquished.

Grand Total: 176 creatures vanquished

Notes
Turn   | Place    | Note
-------+----------+-------------------------------------------
     0 | D:1      | CrazyMind the Djinni Gladiator began the quest for the Orb.
     0 | D:1      | Reached XP level 1. HP: 18/18 MP: 0/0
   275 | D:1      | Reached XP level 2. HP: 23/23 MP: 0/0
   717 | D:1      | Reached skill level 3 in Long Blades
   811 | D:1      | Reached XP level 3. HP: 28/28 MP: 0/0
   811 | D:1      | Learned a level 1 spell: Sandblast
  1429 | D:2      | Reached skill level 1 in Armour
  1429 | D:2      | Reached XP level 4. HP: 6/33 MP: 0/0
  2089 | D:2      | Noticed Sigmund
  2589 | D:3      | Reached XP level 5. HP: 37/39 MP: 0/0
  2589 | D:3      | Learned a level 2 spell: Poisonous Vapours
  2704 | D:2      | Found Xaig's Assorted Antiques.
  3027 | D:3      | Reached skill level 4 in Long Blades
  3612 | D:4      | Reached XP level 6. HP: 40/45 MP: 0/0
  3667 | D:4      | Noticed an ogre
  3756 | D:4      | Found Eckuavi's Overcharged Wands.
  3955 | D:4      | Found a burning altar of Makhleb.
  3965 | D:4      | Reached skill level 5 in Long Blades
  4024 | D:4      | Noticed an ogre
  4081 | D:2      | Bought a sparkling bronze ring for 130 gold pieces
  4081 | D:2      | Identified the ring "Veificiy" {Wiz Dex+2} (You bought it
                  | in a shop on level 2 of the Dungeon)
  4421 | D:4      | Noticed Eustachio
  4439 | D:5      | Entered Level 5 of the Dungeon
  4453 | D:5      | Noticed a black bear
  4470 | D:5      | Killed a black bear
  4471 | D:5      | Reached XP level 7. HP: 45/49 MP: 0/0
  4471 | D:5      | Learned a level 3 spell: Swiftness
  4646 | D:5      | Noticed a water moccasin
  4662 | D:5      | Killed a water moccasin
  5405 | D:4      | Reached skill level 6 in Long Blades
  5405 | D:4      | Reached skill level 1 in Spellcasting
  5405 | D:4      | Reached XP level 8. HP: 30/56 MP: 0/0
  5653 | D:4      | Found a hide-covered altar of Uskayaw.
  5716 | D:4      | Found a glowing golden altar of the Shining One.
  5726 | D:4      | Found a white marble altar of Elyvilon.
  5756 | D:4      | Killed Eustachio
  5966 | D:4      | Found Suokk's Jewellery Shoppe.
  6054 | D:4      | Found a snail-covered altar of Cheibriados.
  6232 | D:2      | Killed Sigmund
  6434 | D:5      | Reached skill level 1 in Shields
  6933 | D:5      | Found a staircase to the Ecumenical Temple.
  6943 | Temple   | Entered the Ecumenical Temple
  7017 | Temple   | Became a worshipper of Warmaster Okawaru
  7338 | D:6      | Noticed Edmund
  7410 | D:6      | Killed Edmund
  7411 | D:6      | Reached XP level 9. HP: 24/62 MP: 0/0
  7411 | D:6      | Learned a level 3 spell: Gell's Gravitas
  8031 | D:6      | Reached skill level 7 in Long Blades
  8043 | D:6      | Identified the +4 ring mail "Weralimi" {Rampage *Slow rC+
                  | Dex+5}
  8108 | D:6      | Found a broken altar of Ashenzari.
  8605 | D:7      | Found a sand-covered staircase.
  8642 | Ossuary  | Entered an ossuary
  8754 | Ossuary  | Reached * piety under Okawaru
  9228 | D:7      | HP: 2/62 [wraith (2)]
  9234 | D:7      | HP: 3/62 [wraith (8)]
  9570 | D:7      | Reached skill level 5 in Armour
  9863 | D:8      | Found a shimmering altar of Xom.
  9878 | D:8      | Noticed a hornet
  9917 | D:6      | Killed a hornet
  9918 | D:6      | Reached skill level 5 in Dodging
 10320 | D:8      | Reached XP level 10. HP: 19/69 MP: 0/0
 10627 | D:8      | Reached skill level 1 in Invocations
 11634 | D:8      | Reached skill level 8 in Long Blades
 12165 | D:9      | Noticed a boulder beetle
 12165 | D:9      | Noticed a two-headed ogre
 13027 | D:9      | Killed a boulder beetle
 13027 | D:9      | Reached ** piety under Okawaru
 13489 | D:9      | Found a bloodstained altar of Trog.
 13914 | D:10     | Entered Level 10 of the Dungeon
 13914 | D:10     | Found Cionnog's Book Shoppe.
 14035 | D:10     | Noticed a komodo dragon
 14054 | D:10     | Reached skill level 5 in Fighting
 14297 | D:9      | Gained mutation: You are partially covered in iridescent
                  | scales. (AC +2) [potion of mutation]
 14297 | D:9      | Gained mutation: You are agile. (Dex +2) [potion of
                  | mutation]
 14329 | D:9      | Slain by a vampire

Illustrated notes

Levels and vault maps discovered:
D:1:      dpeg_arrival_pond, layout_loops_cross, minivault_5
D:2:      layout_rooms, serial_shops, shop, serial_park_tiny_2, uniq_sigmund
D:3:      layout_basic, minmay_misc_feat_tiny, serial_bayou_pond_b
D:4:      layout_loops_ring, makhleb_heckhound_becter,
          nicolae_overflow_quartered_altars, serial_shops, shop,
          nicolae_shop_overcharged_wands, uniq_eustachio
D:5:      layout_rooms, minmay_temple_entry_poolview
D:6:      layout_basic, lemuel_coloured_pillars_altar,
          kiku_gazebo_garden_becter, uniq_edmund
D:7:      layout_basic, enter_ossuary_3, bh_walls_and_bars
D:8:      layout_loops_ring, nicolae_overflow_crystal_walls,
          chequers_serial_rivers_room_a
D:9:      layout_basic, overflow_temple_1_default, lightli_fourway_metalbox
D:10:     layout_long_grid, grunt_gozag_breadcrumbs, david_lair_shrubbed,
          serial_shops, nicolae_stop_n_shop_1, trove_entry_hex_spiral
Temple:   nicolae_temple_hex_pool

Skill      XL: |  1  2  3  4  5  6  7  8  9 10 |
---------------+-------------------------------+-----
Long Blades    | 3 4 5 6 7 8 |  8.4
Armour         | 1 2 3 4 5 6 |  6.2
Dodging        | 4 5 |  5.5
Throwing       | 2 |  2.8
Fighting       | 3 4 5 |  5.0
Spellcasting   | 1 2 3 4 |  4.1
Shields        | 1 3 4 |  4.5
Invocations    | 3 |  3.0

Action                   |  1- 3 |  4- 6 |  7- 9 | 10-12 || total
-------------------------+-------+-------+-------+-------++-------
Melee: Long sword        |    78 |   202 |   426 |   213 ||   919
Throw: Stone             |    43 |    43 |     5 |       ||    91
       Throwing net      |     2 |       |     1 |       ||     3
       Dart              |       |     5 |    15 |       ||    20
       Javelin           |       |       |     2 |       ||     2
 Cast: Sandblast         |       |       |    14 |    16 ||    30
       Poisonous Vapours |       |       |       |    16 ||    16
       Swiftness         |       |       |       |     1 ||     1
       Gell's Gravitas   |       |       |       |     1 ||     1
Invok: Heroism           |       |       |     3 |     8 ||    11
  Use: Scroll            |       |       |    13 |     9 ||    22
       Potion            |       |       |     3 |     9 ||    12
 Stab: Sleeping          |     1 |     1 |       |       ||     2
       Confused          |       |       |     1 |       ||     1
Armor: Leather armour    |    11 |    28 |       |       ||    39
       Fire dragon scale |       |    36 |   203 |    97 ||   336
       Ring mail         |       |     2 |       |       ||     2
       Skin              |       |       |    23 |    39 ||    62
Dodge: Dodged            |    51 |   127 |   202 |   104 ||   484
Block: Buckler           |       |       |    63 |    71 ||   134
       Rpst.: Long sword |    14 |    40 |    63 |    21 ||   138
